 Dungeon Crawl Stone Soup version 0.23-a0-655-g3751e1c (webtiles) character file.

170 Lavandula the Slinger (level 5, -7/32 HPs)
             Began as a Halfling Arcane Marksman on Jan 8, 2019.
             Mangled by a centaur (8 damage)
             ... on level 5 of the Dungeon.
             The game lasted 00:07:27 (1060 turns).

Lavandula the Slinger (Halfling Arcane Marksman)    Turns: 1060, Time: 00:07:27

Health: -7/32      AC:  2    Str: 11    XL:     5   Next: 80%
Magic:  6/6        EV: 15    Int: 11    God:
Gold:   116        SH:  0    Dex: 16    Spells: 5/6 levels left

rFire    . . .     SeeInvis .   i - +1 dagger (venom)
rCold    . . .     Gourm    .   (shield restricted)
rNeg     . . .     Faith    .   e - +0 robe
rPois    .         Spirit   .   (no helmet)
rElec    .         Reflect  .   (no cloak)
rCorr    .         Harm     .   (no gloves)
MR       .....                  (no boots)
Stlth    +.........             (no amulet)
HPRegen  0.10/turn              (no ring)
MPRegen  0.10/turn              (no ring)

@: no status effects
A: small, mutation resistance 1
a: no special abilities


You were on level 5 of the Dungeon.
You were not hungry.

You visited 1 branch of the dungeon, and saw 6 of its levels.

You collected 116 gold pieces.

Inventory:

Hand Weapons
 a - a +0 hunting sling
 i - a +1 dagger of venom (weapon)
 r - a +0 blowgun
Missiles
 d - 16 sling bullets
 l - 110 stones (quivered)
Armour
 e - a +0 robe (worn)
 h - a +4 ring mail
Scrolls
 b - 2 scrolls of remove curse {unknown}
 j - 3 scrolls of identify {unknown}
 m - 2 scrolls of fog {unknown}
 n - a scroll of blinking {unknown}
 o - a scroll of enchant weapon {unknown}
 p - 3 scrolls of teleportation {unknown}
 s - a scroll of fear {unknown}
Potions
 c - 2 potions of curing {unknown}
 g - a potion of berserk rage {unknown}
 k - a potion of might {unknown}
 q - a potion of magic
Comestibles
 f - 6 rations


   Skills:
 - Level 0.8 Fighting
 + Level 8.1 Slings
 - Level 2.1 Dodging
 - Level 1.0 Spellcasting
 - Level 2.4 Hexes


You had 5 spell levels left.
You knew the following spells:

 Your Spells              Type           Power        Failure   Level  Hunger
a - Corona                Hex            #......      12%         1    ##.....

Your spell library contained the following spells:

 Spells                   Type           Power        Failure   Level  Hunger
 Confusing Touch          Hex            #.....       12%         1    ##.....
 Slow                     Hex            #.......     19%         2    ###....
 Ensorcelled Hibernation  Hex/Ice        #.....       30%         2    ###....
 Animate Skeleton         Necr           N/A          32%         1    ##.....
 Apportation              Tloc           #.....       32%         1    ##.....
 Summon Small Mammal      Summ           #...         32%         1    ##.....
 Confuse                  Hex            #.......     36%         3    ####...
 Tukima's Dance           Hex            #.......     36%         3    ####...
 Dazzling Spray           Conj/Hex       #.....       52%         3    ####...
 Inner Flame              Hex/Fire       #.......     52%         3    ####...
 Portal Projectile        Hex/Tloc       #.....       52%         3    ####...
 Cause Fear               Hex            #.........   77%         4    #####..
 Leda's Liquefaction      Hex/Erth       #.........   89%         4    #####..


Dungeon Overview and Level Annotations

Branches:
Dungeon (6/15)
 Temple: D:4-7

Altars:
Kikubaaqudgha
Wu Jian
Yredelemnul

Annotations:
D:3 Terence
D:4 2 transporters, Menkaure


Innate Abilities, Weirdness & Mutations

You are small and have problems with some larger weapons.
You are somewhat resistant to further mutation.


Message History

The centaur closely misses you. The centaur hits you.
Unknown command.
You hit the centaur.
The centaur is lightly wounded.
The centaur closely misses you.
You barely miss the centaur.
The centaur is moderately wounded.
The centaur hits you. The centaur barely misses you.
You closely miss the centaur.
The centaur is moderately wounded.
The centaur hits you.
You barely miss the centaur.
The centaur is heavily wounded.
The centaur hits you.
* * * LOW HITPOINT WARNING * * *
The centaur hits you.
* * * LOW HITPOINT WARNING * * *
It was a potion of magic.
Magic courses through your body. The centaur hits you!
You die...

# ...
##########...#.
....$)c@.......
##########.....
.≈# ≈


You could see a centaur.

Vanquished Creatures
  An ogre (D:4)
  A hound (D:4)
  A howler monkey skeleton (D:2)
  3 adders
  A dart slug (D:4)
  A leopard gecko (D:4)
  2 orcs (D:3)
  2 goblins
  2 hobgoblins
  A quokka (D:2)
  A bat (D:1)
  4 frilled lizards
  4 kobolds
  3 rats
27 creatures vanquished.

Notes
Turn   | Place    | Note
-------+----------+-------------------------------------------
     0 | D:1      | Lavandula the Halfling Arcane Marksman began the quest for
                  | the Orb.
     0 | D:1      | Reached XP level 1. HP: 12/12 MP: 2/2
   185 | D:2      | Reached XP level 2. HP: 15/18 MP: 3/3
   208 | D:2      | Reached skill level 4 in Slings
   237 | D:2      | Reached skill level 5 in Slings
   237 | D:2      | Reached XP level 3. HP: 13/22 MP: 4/4
   340 | D:2      | Found an ornate altar of the Wu Jian Council.
   457 | D:3      | Noticed Terence
   630 | D:3      | Reached XP level 4. HP: 20/27 MP: 5/5
   680 | D:4      | Noticed an ogre
   695 | D:4      | Killed an ogre
   695 | D:4      | Reached skill level 7 in Slings
   695 | D:4      | Reached XP level 5. HP: 31/32 MP: 6/6
   783 | D:4      | Found an ancient bone altar of Kikubaaqudgha.
   785 | D:4      | Noticed Menkaure
   787 | D:4      | Found a basalt altar of Yredelemnul.
   795 | D:4      | Found a transporter.
   798 | D:4      | Found a transporter.
   818 | D:4      | Reached skill level 8 in Slings
   827 | D:5      | Entered Level 5 of the Dungeon
  1053 | D:5      | Noticed a centaur
  1059 | D:5      | HP: 1/32 [centaur (5)]
  1060 | D:5      | Mangled by a centaur

Vault maps used:
D:1:      onia_arrival_mini_spirals, roderic_lattice_a, minmay_ruptured
D:2:      lemuel_blue_sif_altar, old_standard_altar
D:3:      minmay_goblin_kobold_castle, nicolae_ru_path_of_blood,
          uniq_crazy_yiuf_cottage, uniq_terence
D:4:      gammafunk_temple_of_torment, first_ration
D:5:      grunt_temple_overflow_forces_of_nature, marbit_many_paths,
          old_standard_altar, minmay_temple_entry_trees, minivault_4, uniq_ijyb,
          uniq_sigmund
D:6:      nicolae_overflow_crystal_walls, tgw_xom, hangedman_decor_riveting

Skill      XL: |  1  2  3  4  5 |
---------------+----------------+-----
Slings         | 5 7 8 |  8.1
Fighting       | |  0.8
Dodging        | |  2.1
Spellcasting   | |  1.0
Hexes          | |  2.4

Action                   |  1- 3 |  4- 6 || total
-------------------------+-------+-------++-------
Melee: Dagger            |    13 |    20 ||    33
 Fire: Hunting sling     |    39 |     8 ||    47
 Cast: Corona            |     1 |     1 ||     2
  Use: Potion            |       |     1 ||     1
Armor: Robe              |     1 |     3 ||     4
Dodge: Dodged            |    24 |    14 ||    38

Table legend:
 A = Non-vault XP
 B = Vault XP
 C = Vault XP percentage of total XP
 D = Non-vault monster count
 E = Vault monster count
 F = Vault count percentage of total count
                 A         B        C        D         E       F
            +---------+---------+-------+---------+---------+-------
      Total |     243 |       0 |   0.0 |      27 |       0 |   0.0
            +---------+---------+-------+---------+---------+-------
        D:1 |       4 |       0 |   0.0 |       3 |       0 |   0.0
        D:2 |      55 |       0 |   0.0 |      13 |       0 |   0.0
        D:3 |      10 |       0 |   0.0 |       5 |       0 |   0.0
        D:4 |     174 |       0 |   0.0 |       6 |       0 |   0.0
            +---------+---------+-------+---------+---------+-------
